 Dungeon Crawl Stone Soup version 0.23.0 (webtiles) character file.

Game seed: 6686174657838455486

4619 doot the Cleaver (level 10, -11/54 HPs)
             Began as a Tengu Monk on Feb 18, 2019.
             Was an Elder of Vehumet.
             Mangled by a death yak (24 damage)
             ... on level 11 of the Dungeon.
             The game lasted 00:29:20 (11435 turns).

doot the Cleaver (Tengu Monk)                      Turns: 11435, Time: 00:29:21

Health: -11/54     AC: 13    Str: 15      XL:     10   Next: 42%
Magic:  16/16      EV: 16    Int: 14      God:    Vehumet [****..]
Gold:   392        SH:  0    Dex: 16 (17) Spells: 11/15 levels left

rFire    . . .     SeeInvis .   G - +3 battleaxe (freeze)
rCold    + . .     Gourm    .   (shield currently unavailable)
rNeg     . . .     Faith    .   J - +5 scale mail {rC+}
rPois    .         Spirit   .   (helmet restricted)
rElec    .         Reflect  .   s - +0 cloak
rCorr    .         Harm     .   j - +0 pair of gloves
MR       .....                  (boots unavailable)
Stlth    ++........             (no amulet)
HPRegen  0.18/turn              t - +2 ring of strength
MPRegen  0.15/turn              (no ring)

@: marked, flying quickly and evasively, quick
A: beak, talons 3, deterioration 1, frail 1, strong 1, able to fly
a: Stop Flying, Renounce Religion


You were on level 11 of the Dungeon.
You worshipped Vehumet.
Vehumet was greatly pleased with you.
You were not hungry.

You visited 2 branches of the dungeon, and saw 11 of its levels.
You also visited: Sewer.

You collected 392 gold pieces.

Inventory:

Hand Weapons
 a - a +0 hand axe
 g - a +4 mace of crushing
 i - a +0 war axe
 G - a +3 battleaxe of freezing (weapon)
Missiles
 p - 4 throwing nets (quivered)
Armour
 b - a +0 robe
 j - a +0 pair of gloves (worn)
 s - a +0 cloak (worn)
 J - a +5 scale mail of cold resistance (worn)
Jewellery
 t - a +2 ring of strength (left hand)
Wands
 e - a wand of flame (20)
 n - a wand of paralysis (6)
 I - a wand of acid (13)
Scrolls
 f - 2 scrolls of noise {unknown}
 h - 7 scrolls of remove curse
 k - 2 scrolls of amnesia
 q - a scroll of enchant armour
 v - a scroll of blinking {unknown}
 x - a scroll of magic mapping {unknown}
 y - 2 scrolls of random uselessness {unknown}
 A - a scroll of identify
 C - 2 scrolls of enchant weapon
 E - 2 scrolls of fear {unknown}
 F - 3 scrolls of teleportation
Potions
 d - 5 potions of flight
 l - 3 potions of lignification {unknown}
 m - 8 potions of curing
 o - 2 potions of berserk rage {unknown}
 r - 4 potions of haste {unknown}
 u - 3 potions of degeneration
 w - 3 potions of agility
 z - 2 potions of brilliance {unknown}
 B - a potion of might {unknown}
 D - 2 potions of heal wounds
Comestibles
 c - 9 rations
 H - 9 chunks of flesh


   Skills:
 + Level 6.0 Fighting
 + Level 10.6 Axes
 + Level 1.7 Armour
 + Level 6.9 Dodging
 + Level 6.3 Stealth
 + Level 3.4 Spellcasting
 + Level 5.3 Conjurations
 + Level 2.5 Air Magic
 + Level 1.9 Poison Magic


You had 11 spell levels left.
You knew the following spells:

 Your Spells              Type           Power        Failure   Level  Hunger
a - Magic Dart            Conj           ###.         2%          1    #......
b - Mephitic Cloud        Conj/Pois/Air  ##......     17%         3    ###....

Your spell library contained the following spells:

 Spells                   Type           Power        Failure   Level  Hunger
 Iskenderun's Mystic Bla  Conj           ###.....     24%         4    #####..
 Animate Skeleton         Necr           N/A          63%         1    #......
 Apportation              Tloc           #.....       63%         1    #......
 Confusing Touch          Hex            #.....       63%         1    #......
 Summon Small Mammal      Summ           #...         63%         1    #......


Dungeon Overview and Level Annotations

Branches:
Dungeon (9/15)             Temple (1/1) D:4            Lair (0/6) D:11
    Orc: D:9-12

Altars:
Ashenzari
Dithmenos
Elyvilon
Fedhas
Gozag
Hepliaklqana
Kikubaaqudgha
Makhleb
Nemelex Xobeh
Okawaru
Qazlal
Ru
Sif Muna
Trog
Uskayaw
Vehumet
Wu Jian
Xom
Yredelemnul
Zin
The Shining One

Shops:
D:7 }*[


Innate Abilities, Weirdness & Mutations

You have a beak for a mouth.
You have claws for feet.
You can fly continuously.
Your body sometimes deteriorates upon taking damage.
You are frail. (-10% HP)
Your muscles are strong. (Str +2)


Message History

A river rat comes into view.
A death yak comes into view.
Found a staircase to the Lair.
As you read the scroll of teleportation, it crumbles to dust.
You feel strangely unstable.
Unknown command.
You are struck by the porcupine's spines.
* * * LOW HITPOINT WARNING * * *
You slice the porcupine!! You freeze the porcupine.
You kill the porcupine!
Vehumet accepts your kill.
Unknown command.
You barely miss the rat. You claw the rat.
You kill the rat!
Vehumet accepts your kill.
You slash the death yak! You freeze the death yak.
Your surroundings flicker for a moment.
The death yak gores you but does no damage.
Unknown command.
The death yak gores you!!
You die...

#.#......
#.......
.$ #......
... #.....
....
....##....
#.........
#rOY.>....
#§YY......
##@.#....
#...# .
#......
#........
#.###...#
### ....
###


You could see 3 death yaks, a two-headed ogre and a river rat.

Vanquished Creatures
  Harold (D:9)
  A human (D:11)
  A wyvern (D:9)
  A hog (D:11)
  A water moccasin (D:8)
  A porcupine (D:11)
  An orc warrior (D:7)
  A sky beast (D:6)
  A phantom (D:7)
  2 black bears
  6 ogres
  9 centaurs
  A crocodile (D:8)
  A big kobold (Sewer)
  3 bullfrogs
  A wyvern zombie (D:8)
  A wyvern skeleton (D:9)
  A scorpion (D:8)
  2 electric eels (D:7)
  A howler monkey (D:6)
  2 crimson imps
  A bullfrog zombie (D:5)
  4 orc wizards
  A centaur skeleton (D:8)
  4 orc priests
  5 hounds
  2 bullfrog skeletons
  Jessica (D:3)
  2 iguanas
  4 worker ants
  8 gnolls
  5 adders
  4 river rats (Sewer)
  An adder skeleton (D:8)
  2 worms (D:2)
  A dart slug (D:1)
  3 leopard geckos
  8 orcs
  8 ball pythons
  5 giant cockroaches
  10 hobgoblins
  9 jackals
  7 quokkas
  9 bats
  11 frilled lizards
  7 goblins
  22 kobolds
  A leopard gecko skeleton (D:5)
  31 rats
215 creatures vanquished.

Vanquished Creatures (others)
  A jackal (D:3)
1 creature vanquished.

Grand Total: 216 creatures vanquished

Notes
Turn   | Place    | Note
-------+----------+-------------------------------------------
     0 | D:1      | doot the Tengu Monk began the quest for the Orb.
     0 | D:1      | Reached XP level 1. HP: 14/14 MP: 2/2
   291 | D:2      | Reached XP level 2. HP: 17/19 MP: 3/3
   343 | D:3      | Noticed Jessica
   510 | D:3      | Killed Jessica
   510 | D:3      | Reached skill level 4 in Axes
   510 | D:3      | Reached XP level 3. HP: 21/23 MP: 4/4
   609 | D:3      | Found a sacrificial altar of Ru.
   883 | D:3      | Reached XP level 4. HP: 13/28 MP: 5/5
  1119 | D:4      | Noticed an ogre
  1144 | D:4      | Gained mutation: Your body sometimes deteriorates upon
                  | taking damage. [potion of mutation]
  1144 | D:4      | Gained mutation: You are frail. (-10% HP) [potion of
                  | mutation]
  1144 | D:4      | Gained mutation: Your muscles are strong. (Str +2) [potion
                  | of mutation]
  1151 | D:4      | Killed an ogre
  1151 | D:4      | Gained mutation: You can fly continuously. [Tengu growth]
  1151 | D:4      | Reached XP level 5. HP: 24/29 MP: 6/6
  1214 | D:4      | Noticed an ogre
  1222 | D:4      | Killed an ogre
  1222 | D:4      | Reached skill level 5 in Axes
  1222 | D:4      | Reached XP level 6. HP: 4/34 MP: 7/7
  1645 | D:4      | Found a staircase to the Ecumenical Temple.
  1654 | Temple   | Entered the Ecumenical Temple
  1670 | Temple   | Became a worshipper of Vehumet
  1670 | Temple   | Reached * piety under Vehumet
  1670 | Temple   | Offered knowledge of Magic Dart by Vehumet.
  1670 | Temple   | Reached ** piety under Vehumet
  1673 | Temple   | Learned a level 1 spell: Magic Dart
  1750 | D:4      | Offered knowledge of Throw Flame by Vehumet.
  2248 | D:3      | Found a glowing golden altar of the Shining One.
  2250 | D:3      | Noticed an angel
  2256 | D:3      | Found a basalt altar of Yredelemnul.
  2261 | D:3      | Noticed a profane servitor
  3356 | D:2      | Found a stormy altar of Qazlal.
  3452 | D:2      | Offered knowledge of Throw Frost by Vehumet.
  3512 | D:2      | Reached skill level 1 in Conjurations
  4785 | D:4      | Reached XP level 7. HP: 11/38 MP: 9/9
  5211 | D:5      | Entered Level 5 of the Dungeon
  5226 | D:5      | Reached skill level 1 in Spellcasting
  5347 | D:5      | Reached *** piety under Vehumet
  5692 | D:5      | Reached skill level 6 in Axes
  5824 | D:6      | Found a glowing drain.
  5864 | Sewer    | Entered a sewer
  6004 | Sewer    | Offered knowledge of Mephitic Cloud by Vehumet.
  6167 | Sewer    | Learned a level 3 spell: Mephitic Cloud
  6584 | D:6      | Reached **** piety under Vehumet
  6584 | D:6      | Reached skill level 5 in Dodging
  6745 | D:6      | Reached skill level 7 in Axes
  6745 | D:6      | Reached XP level 8. HP: 31/43 MP: 7/11
  7043 | D:5      | Offered knowledge of Iskenderun's Mystic Blast by Vehumet.
  7777 | D:6      | Reached skill level 5 in Fighting
  8263 | D:6      | HP: 2/44 [ogre/+0 giant club (16)]
  8581 | D:7      | Found Ecall's Armour Shoppe.
  8601 | D:7      | Reached skill level 8 in Axes
  8621 | D:7      | Found a burning altar of Makhleb.
  8621 | D:7      | Noticed a blizzard demon
  8663 | D:7      | Found a shimmering altar of Xom.
  8854 | D:7      | Found a shattered altar of Ashenzari.
  8938 | D:7      | Found Onolul's Assorted Antiques.
  8999 | D:7      | Found a shadowy altar of Dithmenos.
  9242 | D:7      | Reached skill level 1 in Air Magic
  9251 | D:7      | Reached skill level 5 in Stealth
  9251 | D:7      | Reached XP level 9. HP: 31/48 MP: 9/13
  9374 | D:7      | Found Suwkaopo's Gadget Boutique.
  9651 | D:7      | Found an opulent altar of Gozag.
  9659 | D:7      | Found an iron altar of Okawaru.
  9659 | D:7      | Found a sparkling altar of Nemelex Xobeh.
 10141 | D:8      | Reached skill level 9 in Axes
 10297 | D:8      | Reached skill level 1 in Poison Magic
 10500 | D:8      | Found an ancient bone altar of Kikubaaqudgha.
 11240 | D:9      | Reached skill level 10 in Axes
 11240 | D:9      | Reached XP level 10. HP: 39/54 MP: 8/15
 11274 | D:9      | Noticed Harold
 11306 | D:9      | Killed Harold
 11306 | D:9      | Reached skill level 5 in Conjurations
 11399 | D:9      | You are sucked into a shaft for 2 floors!
 11413 | D:11     | Reached skill level 1 in Armour
 11431 | D:11     | Found a staircase to the Lair.
 11431 | D:11     | Noticed a death yak
 11431 | D:11     | Noticed a death yak
 11431 | D:11     | Noticed a two-headed ogre
 11431 | D:11     | Noticed a death yak
 11435 | D:11     | Mangled by a death yak

Skill      XL: |  1  2  3  4  5  6  7  8  9 10 |
---------------+-------------------------------+-----
Axes           | 4 5 7 8 10 | 10.6
Dodging        | 4 5 6 |  6.9
Fighting       | 4 5 6 |  6.0
Stealth        | 3 4 5 6 |  6.3
Conjurations   | 1 2 4 5 |  5.3
Spellcasting   | 1 2 3 |  3.4
Air Magic      | 1 2 |  2.5
Poison Magic   | 1 |  1.9
Armour         | 1 |  1.7

Action                   |  1- 3 |  4- 6 |  7- 9 | 10-12 || total
-------------------------+-------+-------+-------+-------++-------
Melee: Hand axe          |    62 |       |       |       ||    62
       Kick              |    19 |    26 |    93 |     4 ||   142
       Peck              |     7 |    14 |    51 |     1 ||    73
       War axe           |     2 |    95 |   166 |       ||   263
       Battleaxe         |       |       |   103 |    22 ||   125
 Cast: Magic Dart        |       |    67 |    80 |     6 ||   153
       Mephitic Cloud    |       |       |    19 |     4 ||    23
 Abil: Fly               |       |       |     1 |       ||     1
  Use: Potion            |       |     1 |     1 |     1 ||     3
       Scroll            |       |       |     5 |     7 ||    12
 Stab: Sleeping          |     1 |     5 |    12 |       ||    18
       Paralysed         |     2 |       |       |       ||     2
       Confused          |       |       |    11 |       ||    11
  Eat: Chunk             |       |    13 |    21 |     1 ||    35
       Ration            |       |     1 |     1 |       ||     2
Armor: Robe              |     9 |    14 |    33 |       ||    56
       Scale mail        |       |       |       |    17 ||    17
Dodge: Dodged            |    49 |    76 |   256 |    57 ||   438
